 Dungeon Crawl Stone Soup version 0.28-a0-1524-ge72afd5fc6 (webtiles) character file.

Game seed: 6115885274754115519

509 HallandMoats the Skirmisher (level 6, -1/50 HPs)
             Began as a Demonspawn Fighter on Jan 18, 2022.
             Was a Follower of Okawaru.
             Slain by Grinder (5 damage)
             ... while paralysed by Grinder
             ... on level 5 of the Dungeon.
             The game lasted 00:05:21 (5075 turns).

HallandMoats the Skirmisher (Demonspawn Fighter)    Turns: 5075, Time: 00:05:22

Health: -1/50      AC:  9    Str: 18    XL:     6   Next: 98%
Magic:  7/7        EV:  2    Int:  9    God:    Okawaru [*.....]
Gold:   215        SH:  0    Dex: 13    Spells: 5/5 levels left

rFire   . . .      SeeInvis .   a - +0 war axe
rCold   . . .      Faith    .   c - +0 buckler
rNeg    . . .      Spirit   .   b - +0 scale mail
rPois   .          Reflect  .   (no helmet)
rElec   .          Harm     .   (no cloak)
rCorr   .          Rampage  .   l - +1 pair of gloves {hurl}
Will    .....                   (no boots)
Stlth   ..........              (no amulet)
HPRegen 0.16/turn               (no ring)
MPRegen 0.10/turn               (no ring)

@: paralysed, hasted
A: demonic magic 1, weakness stinger 1, demonic touch 2
a: Renounce Religion, Heroism


You were on level 5 of the Dungeon.
You worshipped Okawaru.
Okawaru was aware of your devotion.
You visited 2 branches of the dungeon, and saw 6 of its levels.

You collected 215 gold pieces.

Inventory:

Hand Weapons
 a - a +0 war axe (weapon)
Missiles
 d - a throwing net (quivered)
Armour
 b - a +0 scale mail (worn)
 c - a +0 buckler (worn)
 l - a +1 pair of gloves of hurling (worn)
Wands
 j - a wand of mindburst (19)
 o - a wand of flame (14)
Scrolls
 e - a scroll of blinking {unknown}
 i - 2 scrolls of fog {unknown}
 k - a scroll of noise {unknown}
 p - a scroll of teleportation {unknown}
 q - a scroll of identify {unknown}
Potions
 f - 3 potions of cancellation
 g - a potion of curing {unknown}
 h - a potion of haste
 m - 2 potions of attraction {unknown}
 n - a potion of degeneration {unknown}


   Skills:
 * Level 4.8 Fighting
 * Level 3.9 Axes
 + Level 3.7 Armour
 + Level 1.9 Dodging
 + Level 3.6 Shields
 + Level 1.6 Invocations


You had 5 spell levels left.
You didn't know any spells.
Your spell library was empty.

Dungeon Overview and Level Annotations

Branches:
Dungeon (5/15)             Temple (1/1) D:4

Altars:
Ashenzari
Cheibriados
Dithmenos
Elyvilon
Fedhas
Gozag
Hepliaklqana
Makhleb
Nemelex Xobeh
Okawaru
Qazlal
Ru
Sif Muna
Trog
Uskayaw
Vehumet
Wu Jian
Xom
Yredelemnul
Zin
The Shining One

Annotations:
D:5 Grinder


Innate Abilities, Weirdness & Mutations

Spells you cast may paralyse adjacent enemies.
You have a small tail.
Your touch may inflict irresistible damage on your foes.


Message History

You hit the hound. The hound closely misses you. The white imp gestures at you.
The puff of frost hits you! You block the hound's attack.
The white imp hits you. The white imp freezes you.
It was a potion of cancellation.
You feel magically purged. The hound bites you.
The hound bites you but does no damage.
The white imp hits you but does no damage.
It was a potion of haste.
You feel yourself speed up. The hound closely misses you.
The white imp hits you.
* * * LOW HITPOINT WARNING * * *
The white imp freezes you.
* * * LOW HITPOINT WARNING * * *
You are too injured to fight recklessly!
You slash the white imp!
You kill the white imp!
Okawaru accepts your kill.
You hit the hound but do no damage. The hound barely misses you.
The hound bites you.
* * * LOW HITPOINT WARNING * * *
A sky beast comes into view.
Grinder gestures at you. You resist with significant effort.
The sky beast flickers out of sight!
Deactivating autopickup; reactivate with Ctrl-A.
Grinder gestures at you.
You suddenly lose the ability to move!
The hound barely misses you. x2
The hound bites you but does no damage. The hound bites you but does no damage.
The hound stops to sniff the ground.
The hound bites you but does no damage. x2
The hound bites you but does no damage. x2
The hound bites you.
* * * LOW HITPOINT WARNING * * *
Grinder gestures at you.
You barely resist. The hound bites you but does no damage. Grinder hits you.
* * * LOW HITPOINT WARNING * * *
You writhe in agony.
You die...

##..###......{.
..##..............
...##.............
.......8.8.........
##..................
#......8...........
...................
.......8..h5......# ..
.$.##....@.....#.##..##
#..........#..#....
##.....##..#.......
#.....#.....#....# .
##....##.#.......## .
##..###.#........##
##..#............###
#.................#.
#...#...##..........


You could see Grinder and a hound.

Vanquished Creatures
  An ogre (D:5)
  A phantom (D:5)
  A centaur (D:5)
  A wyvern skeleton (D:4)
  A hound (D:4)
  A centaur skeleton (D:3)
  A hound skeleton (D:4)
  3 gnolls (D:4)
  3 adders
  A white imp (D:5)
  2 worms
  5 dart slugs
  An orc (D:5)
  8 endoplasms
  2 giant cockroaches
  4 goblins
  6 hobgoblins
  6 jackals (D:1)
  5 kobolds
  7 quokkas
  5 ball pythons
  3 bats
  4 frilled lizards (D:1)
  5 rats
77 creatures vanquished.

Notes
Turn   | Place    | Note
-------+----------+-------------------------------------------
     0 | D:1      | HallandMoats the Demonspawn Fighter began the quest for the
                  | Orb.
     0 | D:1      | Reached XP level 1. HP: 18/18 MP: 1/1
    39 | D:1      | Discovered your monstrous ancestry.
    39 | D:1      | Gained mutation: Your touch may inflict minor irresistible
                  | damage on your foes. [demonic ancestry]
    39 | D:1      | Reached XP level 2. HP: 14/24 MP: 2/2
   686 | D:1      | Gained mutation: You have a small tail. [demonic ancestry]
   686 | D:1      | Reached XP level 3. HP: 26/29 MP: 3/3
  1403 | D:2      | Found an opulent altar of Gozag.
  1840 | D:2      | Gained mutation: Spells you cast may paralyse adjacent
                  | enemies. [demonic ancestry]
  1840 | D:2      | Reached XP level 4. HP: 35/35 MP: 4/4
  1945 | D:2      | Found a faded altar of an unknown god.
  2113 | D:3      | Reached skill level 1 in Dodging
  2724 | D:4      | Gained mutation: Your touch may inflict irresistible damage
                  | on your foes. [demonic ancestry]
  2724 | D:4      | Reached XP level 5. HP: 23/42 MP: 5/5
  3032 | D:4      | Reached skill level 4 in Fighting
  3320 | D:4      | Found a staircase to the Ecumenical Temple.
  3689 | Temple   | Entered the Ecumenical Temple
  4037 | Temple   | Became a worshipper of Warmaster Okawaru
  4273 | D:4      | Reached XP level 6. HP: 42/48 MP: 6/6
  4544 | D:5      | Entered Level 5 of the Dungeon
  4564 | D:5      | Reached skill level 1 in Invocations
  4572 | D:5      | Reached * piety under Okawaru
  5060 | D:5      | Noticed Grinder
  5064 | D:5      | Noticed a sky beast
  5068 | D:5      | Paralysed by Grinder for 7 turns
  5075 | D:5      | Slain by Grinder

Illustrated notes

Levels and vault maps discovered:
D:1:      dpeg_arrival_tiny_j, layout_basic, nrook_uturn
D:2:      layout_basic, basic_altar, ebering_ecumenical_altar_abandoned
D:3:      layout_basic
D:4:      layout_layer_cave, minmay_temple_entry_waves
D:5:      layout_cave_pools, serial_column_ruins, column_ruins_columns_T,
          column_ruins_open_tiny, column_ruins_columns_straight,
          column_ruins_columns_corner, column_ruins_columns_corner, uniq_grinder
Temple:   compressed_dpeg_triangle_lava_temple

Skill      XL: |  1  2  3  4  5  6 |
---------------+-------------------+-----
Axes           | 2 3 |  3.9
Armour         | 3 |  3.7
Shields        | 3 |  3.6
Dodging        | 1 |  1.9
Fighting       | 4 |  4.8
Invocations    | 1 |  1.6

Action                   |  1- 3 |  4- 6 || total
-------------------------+-------+-------++-------
Melee: War axe           |   118 |   100 ||   218
       Tailslap          |     8 |    17 ||    25
  Use: Potion            |       |     3 ||     3
Armor: Scale mail        |    53 |    53 ||   106
Dodge: Dodged            |    56 |    65 ||   121
Block: Buckler           |    22 |    30 ||    52

Table legend: (Time is in decaauts)
 A = Elapsed time spent in this place.
 B = Non-inter-level travel time spent in this place.
 C = Inter-level travel time spent in this place.
 D = Time resting spent in this place.
 E = Time spent auto-exploring this place.
 F = Levels seen in this place.
 G = Mean time per level.
                   A        B        C        D        E       F      G
               +--------+--------+--------+--------+--------+-----+--------+
         Total |   5163 |   5064 |     99 |    388 |   3981 |   6 |  860.5 |
       Dungeon |   4801 |   4716 |     85 |    388 |   3672 |   5 |  960.2 |
        Temple |    361 |    348 |     13 |      0 |    309 |   1 |  361.0 |
               +--------+--------+--------+--------+--------+-----+--------+

Top non-repeatable levels by time:
     D:4: 1645 daAuts
     D:1: 1396 daAuts
     D:2: 761 daAuts
     D:3: 582 daAuts
     D:5: 415 daAuts
  Temple: 361 daAuts
